[Event "ICC tourney 2435 (75 10)"]
[Site "Internet Chess Club"]
[Date "2021.03.06"]
[Round "2"]
[White "RAJANISH, ABHINAV:Knightboy123"]
[Black "LI, EDWARD:ScoutViolet"]
[Result "1/2-1/2"]
[ICCResult "Game drawn by repetition"]
[WhiteElo "1603"]
[BlackElo "1647"]
[Opening "Ruy Lopez: modern Steinitz defense"]
[ECO "C71"]
[NIC "RL.10"]
[Time "16:31:47"]
[PlyCount "47"]
[TimeControl "4500+10"]

1. e4 e5 2. Nf3 Nc6 3. Bb5 a6 4. Ba4 d6 5. d3 Bd7 6. c3 Nge7 7. h3 g6 8.
O-O Bg7 9. Bg5 h6 10. Be3 O-O 11. d4 exd4 12. cxd4 d5 13. e5 Nf5 14. Re1 f6
15. Nc3 fxe5 16. dxe5 Be6 17. Bxc6 bxc6 18. Nd4 Nxd4 19. Bxd4 Qg5 20. Be3
Qf5 21. Bd4 Qg5 22. Be3 Qf5 23. Bd4 Qg5 24. Be3 { Game drawn by repetition
} 1/2-1/2

[Event "ICC tourney 2435 (75 10)"]
[Site "Internet Chess Club"]
[Date "2021.03.06"]
[Round "2"]
[White "WANG, LEO Q:wahoo"]
[Black "LIAO, CAITLIN:che8642"]
[Result "1-0"]
[ICCResult "Black checkmated"]
[WhiteElo "1646"]
[BlackElo "1566"]
[Opening "Sicilian"]
[ECO "B56"]
[NIC "SI.25"]
[Time "16:31:52"]
[PlyCount "63"]
[TimeControl "4500+10"]

1. e4 c5 2. Nf3 d6 3. d4 cxd4 4. Nxd4 Nf6 5. Nc3 Nc6 6. Be3 Ng4 7. Bg5 h6
8. Bh4 g5 9. Bg3 Bg7 10. Nb3 a6 11. Be2 Nf6 12. O-O O-O 13. f4 gxf4 14.
Bxf4 b5 15. Bf3 Bb7 16. Qd2 Kh7 17. Nd5 Nd7 18. Bg4 Nce5 19. Bf5+ Ng6 20.
Na5 Bc8 21. Nc6 Qe8 22. Nc7 Nc5 23. Nxe8 Rxe8 24. Bxg6+ fxg6 25. e5 Bb7 26.
Nxe7 dxe5 27. Be3 Ne4 28. Qd7 Rab8 29. Rf7 Nf6 30. Rxg7+ Kxg7 31. Nf5+ Kg8
32. Qg7# { Black checkmated } 1-0

[Event "ICC tourney 2435 (75 10)"]
[Site "Internet Chess Club"]
[Date "2021.03.06"]
[Round "2"]
[White "CHANDI, ISHNOOR SINGH:Ishnoor"]
[Black "BRUDNO, STEPHEN:StevChess01"]
[Result "0-1"]
[ICCResult "White checkmated"]
[WhiteElo "1577"]
[BlackElo "1652"]
[Opening "Sicilian: Alapin's variation (2.c3)"]
[ECO "B22"]
[NIC "SI.46"]
[Time "16:31:49"]
[PlyCount "122"]
[TimeControl "4500+10"]

1. e4 c5 2. c3 d5 3. exd5 Qxd5 4. d4 Nc6 5. Nf3 Bg4 6. Be2 e6 7. O-O Nf6 8.
Na3 Qd8 9. Qb3 Qb6 10. Nb5 cxd4 11. Bf4 Nd5 12. Bd6 dxc3 13. bxc3 Bxd6 14.
Nxd6+ Ke7 15. Qa3 Qa5 16. Nf5+ Kf6 17. Qxa5 Nxa5 18. Nd6 Nxc3 19. Rfe1 Rhd8
20. Nb5 Nxe2+ 21. Rxe2 Bxf3 22. gxf3 Rd3 23. Kg2 a6 24. Nc7 Rc8 25. Rc2 Nc6
26. Nxa6 bxa6 27. Rb1 Ne7 28. Rcb2 Rdc3 29. Rb6 R3c6 30. R6b2 Nd5 31. Re1
Rc2 32. Rb7 Rxa2 33. f4 Rcc2 34. Rf1 Nxf4+ 35. Kf3 Nd5 36. Ke4 Rc3 37. Rd1
Rxf2 38. Rxd5 exd5+ 39. Kxd5 Rd2+ 40. Ke4 Rc5 41. Ke3 Rdd5 42. h4 Rh5 43.
Rb6+ Ke5 44. Kf3 Rxh4 45. Kg3 g5 46. Kf3 Rc3+ 47. Kg2 Ra4 48. Rb2 g4 49.
Kh2 h5 50. Kg2 h4 51. Kh2 Rac4 52. Re2+ Kd5 53. Rd2+ Kc5 54. Kg1 Rc1+ 55.
Rd1 Rxd1+ 56. Kf2 Rd3 57. Ke2 Rcc3 58. Kf2 Rh3 59. Ke2 Rc2+ 60. Kd1 Ra2 61.
Ke1 Rh1# { White checkmated } 0-1

[Event "ICC tourney 2435 (75 10)"]
[Site "Internet Chess Club"]
[Date "2021.03.06"]
[Round "2"]
[White "KUMAR, AGRIM:agrimjax1"]
[Black "Kashyap, Mahati B:mnm1"]
[Result "1-0"]
[ICCResult "Black resigns"]
[WhiteElo "1509"]
[BlackElo "1515"]
[Opening "Sicilian"]
[ECO "B56"]
[NIC "SI.25"]
[Time "16:31:48"]
[PlyCount "113"]
[TimeControl "4500+10"]

1. e4 c5 2. Nf3 d6 3. d4 cxd4 4. Nxd4 Nf6 5. Nc3 Nc6 6. f4 e6 7. Be2 Be7 8.
Be3 Bd7 9. a4 a6 10. Nb3 O-O 11. O-O e5 12. f5 Nb4 13. Rc1 Bc6 14. Bf3 d5
15. exd5 Nfxd5 16. Nxd5 Nxd5 17. Bf2 Qd7 18. Nc5 Bxc5 19. Bxc5 Rfd8 20. Qe1
f6 21. Rd1 Qc7 22. a5 Kh8 23. c4 Ba4 24. Rxd5 Rxd5 25. Bxd5 Qxc5+ 26. Qf2
Qxf2+ 27. Rxf2 Rb8 28. Rd2 Rd8 29. Kf2 Bc6 30. Ke3 Bxd5 31. cxd5 Kg8 32.
Ke4 Kf7 33. Rc2 Rd7 34. h4 Ke7 35. g4 h6 36. g5 hxg5 37. hxg5 Kd6 38. gxf6
gxf6 39. Rh2 Kc5 40. Rh6 Rd6 41. Rh7 b6 42. Rc7+ Kb5 43. axb6 Kxb6 44. Re7
Kc5 45. Re6 Rxd5 46. b4+ Kc4 47. Rc6+ Kxb4 48. Kxd5 a5 49. Rxf6 a4 50. Ra6
a3 51. Kxe5 Kb3 52. f6 a2 53. f7 Kb2 54. f8=Q a1=Q 55. Qb4+ Kc2+ 56. Rxa1
Kd3 57. Ra3+ { Black resigns } 1-0

[Event "ICC tourney 2435 (75 10)"]
[Site "Internet Chess Club"]
[Date "2021.03.06"]
[Round "2"]
[White "MOERLIEN, PUWIT SKY:SuperBlueSky"]
[Black "ZHU, RYAN:Ryan123455"]
[Result "0-1"]
[ICCResult "White checkmated"]
[WhiteElo "1633"]
[BlackElo "1687"]
[Opening "King's Indian: orthodox, Aronin-Taimanov, 9.Ne1"]
[ECO "E98"]
[NIC "KI.03"]
[Time "16:32:01"]
[PlyCount "72"]
[TimeControl "4500+10"]

1. d4 Nf6 2. c4 g6 3. Nc3 Bg7 4. Nf3 O-O 5. e4 d6 6. Be2 e5 7. O-O Nc6 8.
d5 Ne7 9. Ne1 a5 10. Be3 Nd7 11. Nd3 f5 12. f3 f4 13. Bf2 g5 14. c5 Nf6 15.
Rc1 Bd7 16. cxd6 cxd6 17. Na4 Bxa4 18. Qxa4 h5 19. Qb5 g4 20. Rc4 Ng6 21.
Qxb7 g3 22. hxg3 fxg3 23. Bxg3 h4 24. Bh2 Nh5 25. f4 Nhxf4 26. Nxf4 Nxf4
27. Bxf4 exf4 28. Rc7 Qg5 29. Rxf4 Bd4+ 30. Kh1 Qxf4 31. Bf3 Qe3 32. Rg7+
Bxg7 33. Qd7 Bd4 34. Qe6+ Kh8 35. Kh2 Be5+ 36. Kh1 Qe1# { White checkmated
} 0-1

[Event "ICC tourney 2435 (75 10)"]
[Site "Internet Chess Club"]
[Date "2021.03.06"]
[Round "2"]
[White "TREUSDELL , ROSS:IveDoneEnough"]
[Black "GUNN, HAN:Han366"]
[Result "1-0"]
[ICCResult "Black resigns"]
[WhiteElo "1564"]
[BlackElo "1700"]
[Opening "French: Winawer, advance, poisoned pawn, Konstantinopolsky variation"]
[ECO "C18"]
[NIC "FR.11"]
[Time "16:31:47"]
[PlyCount "105"]
[TimeControl "4500+10"]

1. e4 e6 2. d4 d5 3. Nc3 Bb4 4. e5 c5 5. a3 Bxc3+ 6. bxc3 Ne7 7. Qg4 Qc7 8.
Qxg7 Rg8 9. Qxh7 cxd4 10. Ne2 Nbc6 11. f4 Bd7 12. Qd3 dxc3 13. Nxc3 a6 14.
Be3 Nf5 15. Ne2 Rc8 16. Rb1 Nxe3 17. Qxe3 Na5 18. g3 Ba4 19. Bg2 Bxc2 20.
Rc1 Nc4 21. Qd4 Qa5+ 22. Kf2 Bf5 23. Rc3 Ke7 24. Rhc1 b5 25. h3 Nb6 26.
Rxc8 Rxc8 27. Rxc8 Nxc8 28. Qc5+ Kd7 29. g4 Bd3 30. Bxd5 Qb6 31. Qxb6 Nxb6
32. Bb7 a5 33. Nd4 b4 34. axb4 axb4 35. Bc6+ Ke7 36. Bb5 Bb1 37. Nc6+ Kf8
38. Nxb4 Kg7 39. Bd3 Bxd3 40. Nxd3 Nd5 41. Kf3 Kg6 42. h4 Ne7 43. Ke4 Ng8
44. f5+ Kg7 45. Nf4 exf5+ 46. gxf5 Kh6 47. e6 fxe6 48. fxe6 Kg7 49. Ke5 Ne7
50. Kd6 Nf5+ 51. Kd7 Kf6 52. Nd5+ Kg6 53. Ne7+ { Black resigns } 1-0

[Event "ICC tourney 2435 (75 10)"]
[Site "Internet Chess Club"]
[Date "2021.03.06"]
[Round "2"]
[White "VISHWA, SUSHEEL:sushivishwa"]
[Black "VALE CRUZ, ARMIN:trucker"]
[Result "1-0"]
[ICCResult "Black checkmated"]
[WhiteElo "1750"]
[BlackElo "1643"]
[Opening "Giuoco Piano: Anderssen variation"]
[ECO "C54"]
[NIC "IG.02"]
[Time "16:31:49"]
[PlyCount "71"]
[TimeControl "4500+10"]

1. e4 e5 2. Nf3 Nc6 3. Bc4 Bc5 4. c3 Nf6 5. d4 exd4 6. e5 d5 7. Bb5 Ne4 8.
cxd4 Bb4+ 9. Bd2 Nxd2 10. Nbxd2 O-O 11. O-O Bg4 12. Bxc6 Bxd2 13. Qxd2 Bxf3
14. gxf3 bxc6 15. Rac1 Qd7 16. Rc3 f6 17. f4 fxe5 18. fxe5 Rae8 19. f4 Rf5
20. Qc2 Re6 21. Kh1 Rh6 22. Rf2 Qe6 23. Rg3 Rh4 24. Qd2 Qh6 25. Rgf3 Qh5
26. Qe3 Kf7 27. e6+ Ke7 28. Qc3 Qe8 29. Rc2 Rhxf4 30. Rxf4 Rxf4 31. Qg3 Qf8
32. Rxc6 Ke8 33. Rxc7 Qf5 34. Rc8+ Ke7 35. Qxg7+ Kxe6 36. Rc6# { Black
checkmated } 1-0

[Event "ICC tourney 2435 (75 10)"]
[Site "Internet Chess Club"]
[Date "2021.03.06"]
[Round "2"]
[White "RAJESH, ANIRUDH:anirudhrajesh"]
[Black "GOPALAKRISHNAN, KRITIN ROHAN:rokrchess"]
[Result "0-1"]
[ICCResult "White checkmated"]
[WhiteElo "1535"]
[BlackElo "1578"]
[Opening "QGD"]
[ECO "D52"]
[NIC "SL.03"]
[Time "16:31:46"]
[PlyCount "92"]
[TimeControl "4500+10"]

1. d4 Nf6 2. c4 d5 3. Nc3 c6 4. Nf3 Nbd7 5. Bg5 e6 6. e3 Bd6 7. Be2 dxc4 8.
Bxc4 b5 9. Be2 Bb7 10. O-O Qc7 11. Rc1 a6 12. e4 b4 13. e5 bxc3 14. exd6
Qxd6 15. Rxc3 O-O 16. Qc2 Nd5 17. Rb3 Rab8 18. Qd2 c5 19. Bh4 f5 20. Rc1
cxd4 21. Qxd4 Qf4 22. Qxf4 Nxf4 23. Bf1 Bxf3 24. gxf3 Rxb3 25. axb3 Ng6 26.
Rc7 Nde5 27. Be7 Nxe7 28. Rxe7 Nxf3+ 29. Kg2 Nd4 30. Bxa6 Nxb3 31. Bc4 Nd4
32. Rd7 Nc6 33. Bxe6+ Kh8 34. Rd6 Ne7 35. Rb6 Ng6 36. Bc4 Ne5 37. Ba6 g6
38. b4 Kg7 39. b5 Rf7 40. Bc8 Rc7 41. Be6 Nd3 42. Rb8 Nf4+ 43. Kf3 Nxe6 44.
b6 Rc3+ 45. Kg2 Nf4+ 46. Kf1 Rc1# { White checkmated } 0-1

[Event "ICC tourney 2435 (75 10)"]
[Site "Internet Chess Club"]
[Date "2021.03.06"]
[Round "2"]
[White "KATAGI, SAMUEL S:Zugzwischen"]
[Black "KURBANOV, ABROR:Abror"]
[Result "0-1"]
[ICCResult "White resigns"]
[WhiteElo "1699"]
[BlackElo "1635"]
[Opening "QGD: 3.Nc3"]
[ECO "D31"]
[NIC "QO.17"]
[Time "16:31:49"]
[PlyCount "64"]
[TimeControl "4500+10"]

1. d4 e6 2. c4 d5 3. Nc3 f5 4. cxd5 exd5 5. Nf3 Nf6 6. Bg5 c6 7. e3 Be7 8.
Bd3 O-O 9. h4 Ne4 10. Bxe7 Qxe7 11. Ne5 Nd7 12. f4 Ndf6 13. Qb3 Be6 14. Na4
Qc7 15. Qb4 Bf7 16. O-O b5 17. Nc5 a5 18. Qb3 Nd2 19. Qc2 Nxf1 20. Rxf1 g6
21. Rf3 Ng4 22. Bxf5 Nxe5 23. fxe5 gxf5 24. Qxf5 Bg6 25. Qe6+ Kh8 26. Rg3
Qf7 27. Qxc6 Qf2+ 28. Kh2 Rg8 29. Rf3 Qxh4+ 30. Rh3 Qg5 31. Qxd5 Bf5 32.
Qb7 Bxh3 { White resigns } 0-1

[Event "ICC tourney 2435 (75 10)"]
[Site "Internet Chess Club"]
[Date "2021.03.06"]
[Round "2"]
[White "MARTINEZ, ABRAHAM:Pugnacious"]
[Black "Kashyap, Manish B:mnm2"]
[Result "1-0"]
[ICCResult "Black resigns"]
[WhiteElo "1661"]
[BlackElo "1547"]
[Opening "Queen's pawn: Torre attack"]
[ECO "A46"]
[NIC "QP.04"]
[Time "16:32:15"]
[PlyCount "131"]
[TimeControl "4500+10"]

1. d4 Nf6 2. Nf3 e6 3. Bg5 Be7 4. Nbd2 O-O 5. e3 d5 6. Ne5 Nbd7 7. f4 h6 8.
Bh4 Nxe5 9. fxe5 Nd7 10. Bxe7 Qxe7 11. Bd3 c5 12. c3 Qg5 13. Qe2 c4 14. Bc2
f6 15. exf6 Qxf6 16. e4 e5 17. Rf1 Qb6 18. O-O-O exd4 19. Rxf8+ Nxf8 20.
cxd4 Be6 21. exd5 Bxd5 22. Qe5 Bf7 23. Ne4 Re8 24. Qg3 Bd5 25. Nd6 Re6 26.
Nf5 Ng6 27. h4 h5 28. Re1 Rxe1+ 29. Qxe1 Qe6 30. Qg3 Kf7 31. Ne3 Ne7 32.
Nxd5 Qxd5 33. Qf4+ Ke6 34. g3 Qh1+ 35. Bd1 Qd5 36. Bf3 Qf5 37. Qe3+ Kf6 38.
Kd2 b5 39. Be4 Qg4 40. d5 b4 41. d6 Qd7 42. Qd4+ Ke6 43. Bg2 Kf7 44. Qxc4+
Kf8 45. Qc7 Qxc7 46. dxc7 Ke8 47. Bc6+ Kf7 48. Bd7 Kf6 49. c8=Q Nxc8 50.
Bxc8 Ke5 51. Ke3 Kf6 52. Kf4 Kg6 53. Ke4 Kf6 54. Kd4 a5 55. Kc4 Ke5 56. Kb5
Ke4 57. g4 g6 58. Kxa5 Kf4 59. gxh5 gxh5 60. Kxb4 Kg3 61. a4 Kxh4 62. a5
Kg3 63. a6 h4 64. a7 h3 65. Bxh3 Kxh3 66. a8=Q { Black resigns } 1-0

[Event "ICC tourney 2435 (75 10)"]
[Site "Internet Chess Club"]
[Date "2021.03.06"]
[Round "2"]
[White "WU, JAYDEN:SparkyNinja"]
[Black "ARAVINDAKSHAN, SAHANA:TigerSahi"]
[Result "1/2-1/2"]
[ICCResult "Game drawn because neither player has mating material"]
[WhiteElo "1679"]
[BlackElo "1641"]
[Opening "Ruy Lopez: closed, Breyer, Borisenko variation"]
[ECO "C95"]
[NIC "RL.25"]
[Time "16:31:49"]
[PlyCount "121"]
[TimeControl "4500+10"]

1. e4 e5 2. Nf3 Nc6 3. Bb5 a6 4. Ba4 Nf6 5. O-O Be7 6. Re1 b5 7. Bb3 O-O 8.
h3 d6 9. c3 Nb8 10. d4 Nbd7 11. Nbd2 Bb7 12. Bc2 Re8 13. Nf1 Bf8 14. Ng3 g6
15. Bg5 Bg7 16. Qd2 Qe7 17. Bh6 Qf8 18. Bxg7 Qxg7 19. a4 c5 20. d5 Nb6 21.
Ra2 c4 22. Rea1 bxa4 23. Bxa4 Rec8 24. Nh2 h5 25. Bc2 Kh7 26. Rf1 Qh6 27.
Qxh6+ Kxh6 28. Raa1 h4 29. Ne2 g5 30. g3 Rg8 31. f3 Nh5 32. Ng4+ Kg7 33.
gxh4 gxh4 34. f4 exf4 35. Nxf4 Ng3 36. Rfe1 Kf8 37. e5 dxe5 38. Rxe5 Bc8
39. Nf6 Ne2+ 40. Kh2 Nxf4 41. Re8+ Kg7 42. Rxg8+ Kxf6 43. Rf1 Nxd5 44. Be4
Ke5 45. Rxf4 Kxf4 46. Bxd5 Rb8 47. Kg1 Rb5 48. Bxc4 Rg5+ 49. Rxg5 Kxg5 50.
Bxf7 Bxh3 51. b4 Bc8 52. c4 Kf6 53. Bd5 Ke5 54. Bc6 Kd4 55. Bd5 Bf5 56. Bb7
Kxc4 57. Bxa6+ Kxb4 58. Kh2 Kc5 59. Bd3 Bxd3 60. Kh3 Bf5+ 61. Kxh4 { Game
drawn because neither player has mating material } 1/2-1/2

[Event "ICC tourney 2435 (75 10)"]
[Site "Internet Chess Club"]
[Date "2021.03.06"]
[Round "3"]
[White "TREUSDELL , ROSS:IveDoneEnough"]
[Black "MARTINEZ, ABRAHAM:Pugnacious"]
[Result "1-0"]
[ICCResult "Black resigns"]
[WhiteElo "1564"]
[BlackElo "1661"]
[Opening "KGA: Kieseritsky, long whip (Stockwhip, classical) defense"]
[ECO "C39"]
[NIC "KG.01"]
[Time "20:01:27"]
[PlyCount "29"]
[TimeControl "4500+10"]

1. e4 e5 2. f4 exf4 3. Nf3 g5 4. h4 g4 5. Ne5 h5 6. d4 Qf6 7. Nc3 Bb4 8.
Bc4 Nh6 9. O-O Bxc3 10. Rxf4 Bxd4+ 11. Qxd4 Qb6 12. Qxb6 axb6 13. Rf6 Ng8
14. Bxf7+ Ke7 15. Rf2 { Black resigns } 1-0

[Event "ICC tourney 2435 (75 10)"]
[Site "Internet Chess Club"]
[Date "2021.03.06"]
[Round "3"]
[White "VALE CRUZ, ARMIN:trucker"]
[Black "HEBBAR, ESHAAN:solveur"]
[Result "1-0"]
[ICCResult "Black resigns"]
[WhiteElo "1643"]
[BlackElo "1611"]
[Opening "Ruy Lopez: Anderssen variation"]
[ECO "C77"]
[NIC "RL.12"]
[Time "20:02:02"]
[PlyCount "111"]
[TimeControl "4500+10"]

1. e4 e5 2. Nf3 Nc6 3. Bb5 a6 4. Ba4 Nf6 5. d3 Bc5 6. c3 d6 7. O-O O-O 8.
Nbd2 b5 9. Bc2 Bb6 10. Re1 Bb7 11. Nf1 h6 12. Ng3 Ne7 13. Nh4 Qd7 14. Nhf5
Nxf5 15. Nxf5 d5 16. Qf3 dxe4 17. dxe4 Ne8 18. Rd1 Qe6 19. Bb3 Qf6 20. Be3
Bxe3 21. Qxe3 Nd6 22. Nxd6 cxd6 23. f3 Rad8 24. Qb6 Bc8 25. a4 bxa4 26.
Rxa4 Qg6 27. Bc4 Bh3 28. Qf2 Rb8 29. Rxa6 Rfd8 30. Ra7 Be6 31. Bxe6 Qxe6
32. Rd5 Rb3 33. Qd2 Rb6 34. b4 Rc8 35. b5 Qe8 36. Qd3 Rbb8 37. c4 Rb6 38.
h4 Qe6 39. Kh2 Qf6 40. g3 g5 41. hxg5 hxg5 42. Kg2 Kg7 43. Ra6 Rcb8 44.
Rxd6 Rxd6 45. Qxd6 Qxd6 46. Rxd6 Rc8 47. Rc6 Rb8 48. b6 Kf8 49. c5 Ke7 50.
Rc7+ Ke6 51. b7 g4 52. fxg4 f5 53. gxf5+ Kf6 54. Rc6+ Kg5 55. Rg6+ Kh5 56.
Kh3 { Black resigns } 1-0

[Event "ICC tourney 2435 (75 10)"]
[Site "Internet Chess Club"]
[Date "2021.03.06"]
[Round "3"]
[White "PATEL, ARAV:APBrain"]
[Black "ANANTH, ANANYA:Ananya22609"]
[Result "1/2-1/2"]
[ICCResult "Game drawn because neither player has mating material"]
[WhiteElo "1669"]
[BlackElo "1625"]
[Opening "Queen's pawn, Mason variation, Steinitz counter-gambit"]
[ECO "D00"]
[NIC "QP.08"]
[Time "20:01:26"]
[PlyCount "116"]
[TimeControl "4500+10"]

1. d4 d5 2. Bf4 c5 3. e3 Nc6 4. c3 Nf6 5. Nf3 Qb6 6. Qc2 Bf5 7. dxc5 Bxc2
8. cxb6 axb6 9. Na3 Bf5 10. Nb5 Rc8 11. Nfd4 Nxd4 12. exd4 g6 13. Be5 Bg7
14. Nc7+ Kd8 15. Bxf6 exf6 16. Nxd5 Re8+ 17. Ne3 Bh6 18. Bb5 Re7 19. Kd2
Be4 20. Rhg1 f5 21. Bd3 Bc6 22. Rae1 Kc7 23. Kd1 Rce8 24. Nc4 Rxe1+ 25.
Rxe1 Rxe1+ 26. Kxe1 Bxg2 27. Ne3 Bf3 28. Bc4 Bf4 29. Nd5+ Bxd5 30. Bxd5
Bxh2 31. Bxf7 g5 32. Be6 h5 33. Bxf5 Bf4 34. f3 b5 35. Ke2 Kb6 36. Kd3 Bg3
37. c4 bxc4+ 38. Kxc4 Kc7 39. b4 Bd6 40. a4 Bf4 41. a5 Bd2 42. Kc5 Be1 43.
d5 Bg3 44. b5 Bf2+ 45. Kc4 Kd6 46. b6 Bg1 47. Kb5 Be3 48. Bc8 h4 49. Be6
Bf4 50. a6 bxa6+ 51. Kxa6 g4 52. b7 Kc5 53. Bxg4 Kxd5 54. Ka7 Kd4 55. b8=Q
Bxb8+ 56. Kxb8 Ke3 57. Kc7 h3 58. Bxh3 Kxf3 { Game drawn because neither
player has mating material } 1/2-1/2

[Event "ICC tourney 2435 (75 10)"]
[Site "Internet Chess Club"]
[Date "2021.03.06"]
[Round "3"]
[White "THOMAS, MICHAEL G:chesslin"]
[Black "QIAO, ETHAN:CougarForest"]
[Result "1-0"]
[ICCResult "Black checkmated"]
[WhiteElo "1790"]
[BlackElo "1547"]
[Opening "Queen's pawn: London system"]
[ECO "A45"]
[NIC "QP.07"]
[Time "20:01:31"]
[PlyCount "57"]
[TimeControl "4500+10"]

1. d4 Nf6 2. Bf4 c5 3. e3 Na6 4. Nf3 g6 5. Nc3 Bg7 6. h4 cxd4 7. exd4 Nc7
8. d5 d6 9. h5 Nxh5 10. Rxh5 gxh5 11. Nd4 Bg4 12. Qd3 h4 13. f3 Bh5 14. Nf5
Bf6 15. Qe3 O-O 16. O-O-O Bg6 17. Nh6+ Kh8 18. Ng4 Bg7 19. Bg5 h5 20. Nf2
Kh7 21. Nh3 Re8 22. Kb1 a5 23. Bxh4 Na6 24. Bd3 Bxc3 25. Bxg6+ fxg6 26.
Ng5+ Kg8 27. Qe6+ Kh8 28. Qxg6 Rf8 29. Qh7# { Black checkmated } 1-0

[Event "ICC tourney 2435 (75 10)"]
[Site "Internet Chess Club"]
[Date "2021.03.06"]
[Round "3"]
[White "ZHANG, SUNNY:AboardBuffalo"]
[Black "RAJANISH, ABHINAV:Knightboy123"]
[Result "1-0"]
[ICCResult "Black checkmated"]
[WhiteElo "1650"]
[BlackElo "1603"]
[Opening "Sicilian: Najdorf"]
[ECO "B90"]
[NIC "SI.14"]
[Time "20:01:26"]
[PlyCount "107"]
[TimeControl "4500+10"]

1. e4 c5 2. Nf3 d6 3. d4 cxd4 4. Nxd4 Nf6 5. Nc3 a6 6. f3 e5 7. Nb3 Be6 8.
Be3 Be7 9. Qd2 Nbd7 10. O-O-O O-O 11. g4 b5 12. h4 b4 13. Nd5 Bxd5 14. exd5
a5 15. Kb1 Nb6 16. Bxb6 Qxb6 17. g5 Nd7 18. Bh3 Rfd8 19. f4 a4 20. Nc1 b3
21. cxb3 axb3 22. Nxb3 Ra7 23. Rhf1 Rda8 24. Nc1 Nc5 25. Rf3 e4 26. Rc3 g6
27. f5 gxf5 28. Bxf5 Bf8 29. Rc2 Nb3 30. Qf2 Qxf2 31. Rxf2 Nxc1 32. Kxc1
Rxa2 33. Bxe4 Bg7 34. Rdf1 Rb8 35. Rxf7 Rbxb2 36. Bb1 Rxb1+ 37. Kxb1 Ra1+
38. Kc2 Rxf1 39. Rxf1 Be5 40. Kd3 Kg7 41. h5 Bg3 42. Ke4 Be5 43. Kf5 h6 44.
g6 Kh8 45. Ke6 Kg7 46. Rf7+ Kg8 47. Rd7 Kh8 48. Rxd6 Bxd6 49. Kxd6 Kg8 50.
Ke7 Kg7 51. d6 Kg8 52. Kf6 Kf8 53. d7 Kg8 54. d8=Q# { Black checkmated }
1-0

[Event "ICC tourney 2435 (75 10)"]
[Site "Internet Chess Club"]
[Date "2021.03.06"]
[Round "3"]
[White "ROWLAND, OLUROTIMI:ROWLAND"]
[Black "RAJESH, ANIRUDH:anirudhrajesh"]
[Result "0-1"]
[ICCResult "White resigns"]
[WhiteElo "1552"]
[BlackElo "1535"]
[Opening "Scotch game"]
[ECO "C45"]
[NIC "SO.05"]
[Time "20:01:41"]
[PlyCount "144"]
[TimeControl "4500+10"]

1. e4 e5 2. Nf3 Nc6 3. d4 exd4 4. Nxd4 Bc5 5. Be3 Qf6 6. c3 Nge7 7. Bc4 d6
8. O-O O-O 9. Kh1 Be6 10. Nxe6 fxe6 11. Bxc5 dxc5 12. Qd7 Rad8 13. Qxe6+
Qxe6 14. Bxe6+ Kh8 15. Na3 Rd6 16. Bh3 a6 17. Nc4 Rdf6 18. f3 Ng6 19. Rad1
Nf4 20. Bf5 Rh6 21. Rd7 g6 22. Bg4 Rd8 23. Rfd1 Rxd7 24. Rxd7 b5 25. Rxc7
g5 26. Ne3 Ne5 27. Bf5 Ned3 28. Ng4 Ne2 29. h3 Rd6 30. Rxh7+ Kg8 31. Nh6+
Kf8 32. Rf7+ Ke8 33. Rh7 Nf2+ 34. Kh2 Rd1 35. Bg6+ Kd8 36. Nf7+ Kc8 37.
Bf5+ Kb8 38. Rh8+ Ka7 39. g3 Nh1 40. Rd8 Rg1 41. Rd2 Nhxg3 42. Rxe2 Nxe2
43. Bg4 Rb1 44. Nxg5 Rxb2 45. h4 Nxc3+ 46. Kh3 Ne2 47. h5 c4 48. h6 Nf4+
49. Kg3 Ng6 50. Nf7 c3 51. Bf5 c2 52. Bxg6 c1=Q 53. h7 Qg1+ 54. Kf4 Rh2 55.
h8=Q Rxh8 56. Nxh8 Qh2+ 57. Kf5 Qxh8 58. f4 Kb7 59. e5 Kc7 60. Ke6 Qc8+ 61.
Ke7 Qd7+ 62. Kf6 Kd8 63. e6 Qd4+ 64. Kg5 Ke7 65. f5 Qd2+ 66. Kh5 Kf6 67.
Kg4 Qxa2 68. Kf4 Qc4+ 69. Ke3 a5 70. Kd2 a4 71. Be8 a3 72. Bd7 a2 { White
resigns } 0-1

[Event "ICC tourney 2435 (75 10)"]
[Site "Internet Chess Club"]
[Date "2021.03.06"]
[Round "3"]
[White "TREY, JUSTIN:Torsten936"]
[Black "VISHWA, SUSHEEL:sushivishwa"]
[Result "1-0"]
[ICCResult "Black checkmated"]
[WhiteElo "1652"]
[BlackElo "1750"]
[Opening "Dutch, 2.Bg5 variation"]
[ECO "A80"]
[NIC "HD.12"]
[Time "20:01:24"]
[PlyCount "77"]
[TimeControl "4500+10"]

1. d4 f5 2. Bg5 h6 3. Bh4 g5 4. e3 Bg7 5. Qh5+ Kf8 6. Bg3 d6 7. Bc4 Qe8 8.
Qe2 Nf6 9. Nc3 a6 10. Nf3 b5 11. Bb3 e6 12. h4 g4 13. Nd2 Bb7 14. e4 Nh5
15. Bh2 Bxd4 16. O-O-O Kg7 17. Rhe1 Nc6 18. exf5 exf5 19. Qd3 Qg6 20. Nd5
Bxf2 21. Ne7 Qf6 22. Re6 Nxe7 23. Rxf6 Nxf6 24. Rf1 Bxh4 25. Be6 Bxg2 26.
Rg1 Bb7 27. Bxf5 h5 28. Be4 d5 29. Bg2 Ng6 30. Nb3 Rae8 31. Nd4 Bg5+ 32.
Kd1 c5 33. Nf5+ Kh7 34. Nd6 Re3 35. Qf5 g3 36. Qxg5 gxh2 37. Qxg6+ Kxg6 38.
Be4+ Kh6 39. Nf7# { Black checkmated } 1-0

[Event "ICC tourney 2435 (75 10)"]
[Site "Internet Chess Club"]
[Date "2021.03.06"]
[Round "3"]
[White "Kashyap, Mahati B:mnm1"]
[Black "CHANDI, ISHNOOR SINGH:Ishnoor"]
[Result "1-0"]
[ICCResult "Black checkmated"]
[WhiteElo "1515"]
[BlackElo "1577"]
[Opening "French: Tarrasch, closed variation"]
[ECO "C05"]
[NIC "FR.16"]
[Time "20:01:35"]
[PlyCount "87"]
[TimeControl "4500+10"]

1. e4 e6 2. d4 d5 3. Nd2 Nf6 4. e5 Nfd7 5. f4 c5 6. c3 Nc6 7. Ndf3 a6 8.
Bd3 b5 9. Ne2 Be7 10. O-O O-O 11. Bc2 Nb6 12. Qd3 g6 13. Ng3 Qc7 14. Ne1
cxd4 15. cxd4 Nxd4 16. Be3 Nxc2 17. Nxc2 Nc4 18. Bd4 Bc5 19. b3 Nb6 20.
Rac1 Bxd4+ 21. Nxd4 Qb7 22. Qf3 f5 23. Nge2 Kh8 24. Qh3 Bd7 25. Rc2 Rac8
26. Rfc1 Rxc2 27. Rxc2 Rc8 28. Rxc8+ Bxc8 29. Nf3 Nd7 30. Ng5 Nf8 31. Nc1
Kg7 32. Nd3 Qc7 33. b4 Qc4 34. a3 h6 35. Qe3 hxg5 36. Qa7+ Kh6 37. fxg5+
Kh5 38. Qe3 Qg4 39. Nf4+ Kxg5 40. Nxe6+ Kh4 41. g3+ Kh3 42. Ng5+ Qxg5 43.
Qxg5 f4 44. Qh4# { Black checkmated } 1-0

[Event "ICC tourney 2435 (75 10)"]
[Site "Internet Chess Club"]
[Date "2021.03.06"]
[Round "3"]
[White "LI, EDWARD:ScoutViolet"]
[Black "KUMAR, AGRIM:agrimjax1"]
[Result "0-1"]
[ICCResult "White resigns"]
[WhiteElo "1647"]
[BlackElo "1509"]
[Opening "Sicilian: Najdorf, Lipnitzky attack"]
[ECO "B90"]
[NIC "SI.13"]
[Time "20:01:36"]
[PlyCount "102"]
[TimeControl "4500+10"]

1. e4 c5 2. Nf3 d6 3. d4 cxd4 4. Nxd4 Nf6 5. Nc3 a6 6. Bc4 b5 7. Bb3 Bb7 8.
f3 e6 9. Be3 Be7 10. Bxe6 fxe6 11. Nxe6 Qd7 12. Nxg7+ Kf7 13. Nf5 d5 14.
Nh6+ Ke8 15. e5 Qe6 16. f4 Ne4 17. Qh5+ Qg6 18. Qxg6+ hxg6 19. Nxe4 dxe4
20. Ng4 Nc6 21. O-O-O Rc8 22. Rd2 Rc7 23. h3 Bc8 24. Nf2 Bf5 25. g4 Bc8 26.
Nxe4 Bxg4 27. Nd6+ Bxd6 28. Rxd6 Bf5 29. Bb6 Rc8 30. Rhd1 Ke7 31. Bc5 Kf7
32. Rf6+ Kg7 33. Rg1 Rh5 34. c3 b4 35. c4 Nxe5 36. fxe5 Rxc5 37. Rxa6 Rxc4+
38. Kd1 Re4 39. Ra7+ Kh6 40. Ra8 Rxh3 41. Rh8+ Kg7 42. Rxh3 Bxh3 43. a3 b3
44. Rg3 Be6 45. Kd2 Rxe5 46. Kc3 Rc5+ 47. Kb4 Rc2 48. Re3 Bf7 49. a4 Rxb2
50. a5 Ra2 51. Kc3 Rxa5 { White resigns } 0-1